[Event "Romanian Women Championship 2024"]
[Site "Eforie Nord"]
[Date "2024.02.28"]
[Round "6.5"]
[White "Trifoi, Mihaela-Ioana"]
[Black "Hoanca, Alexia-Ioana"]
[Result "1/2-1/2"]
[ECO "B13"]
[WhiteElo "2003"]
[BlackElo "1748"]
[Annotator "RC"]
[PlyCount "94"]
[EventDate "2024.02.24"]
[EventType "swiss"]
[EventCountry "ROU"]
[SourceTitle "playchess.com"]
[Source "ChessBase"]
[SourceQuality "1"]
[TimeControl "40/5400+30:900+30"]

1. e4 c6 2. d4 d5 3. exd5 cxd5 4. Bd3 Nc6 5. c3 Qc7 6. h3 g6 7. Nf3 Bf5 8. Bxf5 gxf5 9. O-O Nf6 10. c4 dxc4 11. Qa4 O-O-O 12. Qxc4 Nd5 13. Nc3 Nxc3 14. bxc3 e6 15. Bg5 Rd7 16. a4 Rg8 17. a5 h6 18. Bd2 a6 19. Rfb1 Rd5 20. Qd3 Rxa5 21. c4 Rxa1 22. Rxa1 Bg7 23. Rb1 Rd8 24. d5 Ne5 25. Nxe5 Qxe5 26. Qb3 Rd7 27. dxe6 fxe6 28. c5 Kd8 29. Ba5+ Ke7 30. Bb4 Kf7 31. Qf3 Qd5 32. Qh5+ Kg8 33. Qe8+ Kh7 34. Re1 e5 35. Re2 Qf7 36. Qxf7 Rxf7 37. Rd2 e4 38. Rd5 Bf8 39. Ba5 Kg6 40. Kf1 Kf6 41. Bb6 Ke6 42. Rd8 Be7 43. Rc8 Bg5 44. c6 bxc6 45. Rxc6+ Kd5 46. Rc5+ Kd6 47. Ra5 Kc6 1/2-1/2

[Event "Romanian Women Championship 2024"]
[Site "Eforie Nord"]
[Date "2024.02.28"]
[Round "6.6"]
[White "Maria, Lia-Alexandra"]
[Black "Sunea, Sara Maria"]
[Result "1-0"]
[ECO "C17"]
[WhiteElo "1937"]
[BlackElo "1561"]
[Annotator "RC"]
[PlyCount "99"]
[EventDate "2024.02.24"]
[EventType "swiss"]
[EventCountry "ROU"]
[SourceTitle "playchess.com"]
[Source "ChessBase"]
[SourceQuality "1"]
[TimeControl "40/5400+30:900+30"]

1. e4 e6 2. d4 d5 3. Nc3 Bb4 4. e5 c5 5. Bd2 Ne7 6. a3 Bxc3 7. Bxc3 b6 8. Nf3 Ba6 9. Bxa6 Nxa6 10. b4 c4 11. O-O Nc7 12. a4 a6 13. Bd2 Ng6 14. c3 h6 15. Ne1 Qd7 16. f4 O-O-O 17. Qh5 Rdf8 18. f5 exf5 19. Rxf5 Ne6 20. Rf1 Rd8 21. b5 a5 22. Bc1 Rhg8 23. Ra2 Qe7 24. Ba3 Qg5 25. Qf3 Nh8 26. Nc2 Qh4 27. Ne3 Ng5 28. Qf5+ Kb7 29. Be7 Nh3+ 30. Qxh3 Qxe7 31. Qf3 Qe6 32. Nxc4 Kb8 33. Ne3 Rgf8 34. Qf5 Ng6 35. Raf2 Kc7 36. Qd3 Rd7 37. Nf5 Rg8 38. Rc2 Kb8 39. Qg3 Ka7 40. Rcf2 Rc7 41. Nd6 Rf8 42. Rf3 Kb8 43. h4 h5 44. Rf5 Ka7 45. Rxh5 Rd7 46. Rhf5 Ne7 47. Rxf7 Rxf7 48. Rxf7 Rxd6 49. exd6 Qxf7 50. d7 1-0

[Event "Romanian Women Championship 2024"]
[Site "Eforie Nord"]
[Date "2024.02.28"]
[Round "6.7"]
[White "Chicarosie, Ioana-Bianca"]
[Black "Batagan, Ilinca-Petra"]
[Result "1/2-1/2"]
[ECO "D00"]
[WhiteElo "1705"]
[BlackElo "1859"]
[Annotator "NA RC"]
[PlyCount "41"]
[EventDate "2024.02.24"]
[EventType "swiss"]
[EventCountry "ROU"]
[SourceTitle "playchess.com"]
[Source "ChessBase"]
[SourceQuality "1"]
[TimeControl "40/5400+30:900+30"]

1. d4 Nf6 2. Bg5 d5 3. Bxf6 gxf6 4. Nf3 c5 5. e3 e5 6. dxe5 fxe5 7. Bb5+ Nc6 8. Nxe5 Qd6 9. Qh5 Be6 10. Nd2 c4 11. c3 a6 12. Ba4 b5 13. Nxc6 Qxc6 14. Bc2 Rg8 15. Qxh7 Rxg2 16. Kf1 Rg7 17. Qh5 O-O-O 18. Bf5 Qd7 19. Bxe6 fxe6 20. Ke2 Bd6 21. Rag1 1/2-1/2

[Event "Romanian Women Championship 2024"]
[Site "Eforie Nord"]
[Date "2024.02.28"]
[Round "6.8"]
[White "Paraschiv, Petronela-Alexandra"]
[Black "Vorniceanu, Alina"]
[Result "1/2-1/2"]
[ECO "A45"]
[WhiteElo "1875"]
[BlackElo "1476"]
[Annotator "NA RC"]
[PlyCount "49"]
[EventDate "2024.02.24"]
[EventType "swiss"]
[EventCountry "ROU"]
[SourceTitle "playchess.com"]
[Source "ChessBase"]
[SourceQuality "1"]
[TimeControl "40/5400+30:900+30"]

1. d4 Nf6 2. Bf4 c6 3. e3 Qb6 4. Qc1 Nh5 5. Bg3 Nxg3 6. hxg3 g6 7. Nf3 d6 8. Nbd2 Bg7 9. c3 Nd7 10. Nc4 Qc7 11. a4 a5 12. Bd3 d5 13. Ncd2 e5 14. dxe5 Nxe5 15. Nxe5 Qxe5 16. Nf3 Qd6 17. Qc2 Bd7 18. O-O O-O 19. e4 Be6 20. Rad1 Qc7 21. exd5 Bxd5 22. Be4 Bc4 23. Bd3 Bd5 24. Be4 Bc4 25. Bd3 1/2-1/2

[Event "Romanian Women Championship 2024"]
[Site "Eforie Nord"]
[Date "2024.02.28"]
[Round "6.9"]
[White "Stanciu, Andreea-Briana"]
[Black "Aldea, Maria-Antonia"]
[Result "1/2-1/2"]
[ECO "A03"]
[WhiteElo "1960"]
[BlackElo "1726"]
[Annotator "RC"]
[PlyCount "132"]
[EventDate "2024.02.24"]
[EventType "swiss"]
[EventCountry "ROU"]
[SourceTitle "playchess.com"]
[Source "ChessBase"]
[SourceQuality "1"]
[TimeControl "40/5400+30:900+30"]

1. f4 d5 2. b3 Nf6 3. Bb2 g6 4. Bxf6 exf6 5. e3 Bg7 6. Nf3 O-O 7. c4 c6 8. Nc3 Re8 9. cxd5 cxd5 10. Bb5 Nc6 11. O-O a6 12. Bxc6 bxc6 13. Na4 Bg4 14. h3 Bxf3 15. Qxf3 Qd6 16. Rac1 Re7 17. Rc2 Rc8 18. Rfc1 f5 19. Nb6 Rcc7 20. d4 Re4 21. Kh2 Qe6 22. Rc3 Bf8 23. R1c2 Bb4 24. Rd3 Re7 25. Na4 Qc8 26. a3 Bxa3 27. Nc3 Qe8 28. Nd1 Bb4 29. g4 fxg4 30. hxg4 f5 31. gxf5 gxf5 32. Rg2+ Kh8 33. Qh3 Qf8 34. Rg5 Rf7 35. Nf2 Re6 36. Rh5 Rg6 37. Rd1 Bd6 38. Nd3 Qc8 39. Rf1 Rg4 40. Nf2 Rg6 41. Nd3 Rgg7 42. Ne5 Rf6 43. Rg1 Qg8 44. Rxg7 Qxg7 45. Rxf5 Bxe5 46. fxe5 Rxf5 47. Qxf5 Qh6+ 48. Kg2 Qg6+ 49. Qxg6 hxg6 50. b4 Kg7 51. Kf3 g5 52. e4 Kf7 53. exd5 cxd5 54. Kg3 Kg7 55. Kf2 Kf7 56. Kf3 Kg7 57. Kg3 Kf7 58. Kg4 Kg6 59. e6 Kf6 60. e7 Kxe7 61. Kxg5 Ke6 62. Kg6 Ke7 63. Kf5 Kd6 64. Kf6 Kd7 65. Ke5 Kc6 66. Ke6 Kb5 1/2-1/2

[Event "Romanian Women Championship 2024"]
[Site "Eforie Nord"]
[Date "2024.02.28"]
[Round "6.10"]
[White "Bira, Andrada-Paraschiva"]
[Black "Iordache, Alexia-Andreea"]
[Result "0-1"]
[ECO "E95"]
[WhiteElo "1590"]
[BlackElo "1769"]
[Annotator "NA RC"]
[PlyCount "74"]
[EventDate "2024.02.24"]
[EventType "swiss"]
[EventCountry "ROU"]
[SourceTitle "playchess.com"]
[Source "ChessBase"]
[SourceQuality "1"]
[TimeControl "40/5400+30:900+30"]

1. d4 Nf6 2. c4 g6 3. Nc3 Bg7 4. e4 d6 5. Nf3 O-O 6. Be2 Nbd7 7. O-O e5 8. Re1 Re8 9. Bf1 h6 10. d5 a5 11. Rb1 Nc5 12. b3 Nh5 13. g3 Kh7 14. a3 f5 15. Nh4 Nf6 16. exf5 g5 17. Ng2 Bxf5 18. Rb2 Nfd7 19. b4 e4 20. Bd2 axb4 21. axb4 Nd3 22. Bxd3 exd3 23. Ne3 Bg6 24. Rb1 Ne5 25. Nb5 Rf8 26. Nd4 Qf6 27. Rf1 Be4 28. f4 gxf4 29. Ne6 Rf7 30. Nxf4 Ra2 31. Rf2 Nf3+ 32. Kf1 Qd4 33. Rxf3 Bxf3 34. Qe1 Qe4 35. Qf2 Be2+ 36. Ke1 Qh1+ 37. Nf1 Bd4 0-1

[Event "Romanian Women Championship 2024"]
[Site "Eforie Nord"]
[Date "2024.02.28"]
[Round "6.11"]
[White "Pirvulescu, Ekaterina"]
[Black "Petculescu, Diana-Silvana"]
[Result "1-0"]
[ECO "B90"]
[WhiteElo "2091"]
[BlackElo "1556"]
[Annotator "RC"]
[PlyCount "77"]
[EventDate "2024.02.24"]
[EventType "swiss"]
[EventCountry "ROU"]
[SourceTitle "playchess.com"]
[Source "ChessBase"]
[SourceQuality "1"]
[TimeControl "40/5400+30:900+30"]

1. e4 c5 2. Nf3 d6 3. d4 cxd4 4. Nxd4 Nf6 5. Nc3 a6 6. Be3 e5 7. Nb3 Be6 8. h3 Be7 9. f4 Nc6 10. f5 Bxb3 11. axb3 Nb4 12. g3 d5 13. exd5 e4 14. Bg2 Qc7 15. O-O Rd8 16. Bf4 Qc5+ 17. Kh2 Nbxd5 18. Nxd5 Rxd5 19. Qe2 Rxf5 20. Bxe4 Nxe4 21. Qxe4 Qd5 22. Qe2 g5 23. Rae1 Qd7 24. Be5 Rxf1 25. Qxf1 O-O 26. Bc3 b5 27. Qe2 Bd8 28. Bb4 Bc7 29. Bxf8 Kxf8 30. Rd1 Qf5 31. Rf1 Qd5 32. Qf3 Qe6 33. Qf6 Qe2+ 34. Rf2 Qh5 35. Kg2 Qg6 36. Qxg6 hxg6 37. Rf6 Be5 38. Rxa6 Bxb2 39. Rb6 1-0

[Event "Romanian Women Championship 2024"]
[Site "Eforie Nord"]
[Date "2024.02.28"]
[Round "6.12"]
[White "Ardelean, Lorela-Daniela"]
[Black "Badica, Ariana"]
[Result "0-1"]
[ECO "B20"]
[WhiteElo "1802"]
[BlackElo "1494"]
[Annotator "NA RC"]
[PlyCount "72"]
[EventDate "2024.02.24"]
[EventType "swiss"]
[EventCountry "ROU"]
[SourceTitle "playchess.com"]
[Source "ChessBase"]
[SourceQuality "1"]
[TimeControl "40/5400+30:900+30"]

1. e4 c5 2. b3 d6 3. Bb2 Nf6 4. Qe2 e6 5. Nf3 Nbd7 6. d4 cxd4 7. Nxd4 b6 8. Nd2 Bb7 9. f3 Be7 10. Qe3 Rc8 11. Bd3 O-O 12. O-O Qc7 13. Rae1 a6 14. Kh1 Rfe8 15. f4 Bf8 16. Qh3 g6 17. N2f3 e5 18. fxe5 dxe5 19. Ne2 Bxe4 20. Bxa6 Ra8 21. Bc4 Bf5 22. Qh4 Rxa2 23. Bc1 Ne4 24. Nc3 Nxc3 25. Ng5 Nf6 26. Bxf7+ Kh8 27. Bxe8 Nxe8 28. Rxe5 Nd6 29. g4 Qb7+ 30. Kg1 Rxc2 31. Nf3 Bd3 32. Bh6 Qf7 33. Bxf8 Qxf8 34. Re7 h6 35. Rfe1 Ne2+ 36. Kh1 Qxf3# 0-1

[Event "Romanian Women Championship 2024"]
[Site "Eforie Nord"]
[Date "2024.02.29"]
[Round "7.1"]
[White "Lehaci, Miruna-Daria"]
[Black "Cosma, Elena-Luminita"]
[Result "1/2-1/2"]
[ECO "C11"]
[WhiteElo "2227"]
[BlackElo "2236"]
[Annotator "TA"]
[PlyCount "64"]
[EventDate "2024.02.24"]
[EventType "swiss"]
[EventCountry "ROU"]
[SourceTitle "playchess.com"]
[Source "ChessBase"]
[SourceQuality "1"]
[TimeControl "40/5400+30:900+30"]

1. e4 e6 2. d4 d5 3. Nc3 Nf6 4. e5 Nfd7 5. Nce2 c5 6. c3 Nc6 7. Nf3 a5 8. a4 b6 9. Nf4 cxd4 {[%emt 0:07:33] Weiß hat minimalen Vorteil.} 10. cxd4 Bb4+ 11. Bd2 O-O 12. Bb5 Bb7 13. O-O Qe7 14. Be3 Rfc8 15. Rc1 Qd8 16. h4 Nf8 17. Ne2 Be7 18. h5 Nb4 19. h6 {[%emt 0:02:48] Und hxg7 würde nun gewinnen.} Rxc1 20. Bxc1 {[%emt 0:03:49] [#] Droht stark hxg7.} ({Jedoch nicht} 20. Nxc1 $6 g6 21. Ne2 Bc8 $16) ({Finger weg von} 20. Qxc1 Rc8 21. Qd1 g6 $16) 20... g6 21. Nc3 Rc8 22. Be3 $36 {[%emt 0:01:29][%mdl 2048] Weiss kämpft um Vorteil.} Ba6 23. Qd2 {[%emt 0:01:38] Weiß steht aktiver.} Bxb5 24. axb5 (24. Nxb5 Rc2 25. Qd1 Rxb2) 24... Rc4 25. Bg5 Nd7 26. Bxe7 Qxe7 27. Re1 f5 $2 {[%emt 0:03:58] [#]} (27... Qe8 $16 28. g3 Qf8) 28. exf6 $18 Qxf6 29. Qe2 Nf8 30. Qd2 {[%emt 0:05:48] Wehrt Qf4 ab} Nd7 31. Qe2 Nf8 32. Qd2 {[%emt 0:00:06] Pariert Qf4. Und jetzt Ne5 wäre schön.} Nd7 {[%emt 0:00:39] Gewichteter Fehlerwert: Weiß=0.36/Schwarz=0.18 (sehr präzise) .  Verlustzug:     	---       	Schwarz=1     Ungenau:       	---       	Schwarz=2     OK:         	Weiß=9     	Schwarz=10    Bester:       	Weiß=2     	Schwarz=2} 1/2-1/2

[Event "Romanian Women Championship 2024"]
[Site "Eforie Nord"]
[Date "2024.02.29"]
[Round "7.2"]
[White "Maria, Lia-Alexandra"]
[Black "Sandu, Mihaela"]
[Result "1/2-1/2"]
[ECO "C76"]
[WhiteElo "1937"]
[BlackElo "2265"]
[Annotator "TA"]
[PlyCount "83"]
[EventDate "2024.02.24"]
[EventType "swiss"]
[EventCountry "ROU"]
[SourceTitle "playchess.com"]
[Source "ChessBase"]
[SourceQuality "1"]
[TimeControl "40/5400+30:900+30"]

1. e4 e5 2. Nf3 Nc6 3. Bb5 a6 4. Ba4 d6 5. O-O Bd7 6. c3 g6 7. d4 Bg7 8. h3 Nge7 9. Be3 O-O 10. Re1 b5 {[%emt 0:11:54] White is slightly better.} 11. Bc2 Qc8 12. Nbd2 exd4 13. cxd4 Nb4 14. Nf1 (14. Bb1 $16) 14... Nxc2 $11 15. Qxc2 Qb7 16. Ng3 (16. Rac1 $14) 16... Rac8 (16... f5 $11 {keeps the balance.} 17. Bg5 Nc6) 17. Qd2 $16 f5 18. Bg5 (18. Bh6 $14 Rce8 19. Bxg7 Kxg7 20. exf5 Nxf5 21. Nxf5+ Rxf5 22. Rac1) 18... Rce8 ({Better is} 18... fxe4 $11 19. Bxe7 exf3 20. Bxf8 Rxf8) 19. Bxe7 $1 $14 Rxe7 20. exf5 Rxe1+ 21. Rxe1 {[%emt 0:00:00] And now fxg6 would win.} Bxf5 22. Nxf5 Rxf5 23. Re8+ Rf8 24. Qe3 {[%emt 0:00:00] Qe6+ would now be deadly.} Qd5 25. Ng5 $1 h6 (25... Qxa2 26. Qe7 Qb1+ (26... Rxe8 $2 27. Qxe8+ Bf8 28. Qd7 $18) 27. Kh2 $18) (25... Bxd4 $2 26. Rxf8+ (26. Qe6+ Qxe6 27. Rxf8+ Kxf8 $18) 26... Kxf8 27. Ne6+ (27. Nxh7+ $2 Kg8 $19) 27... Ke7 28. Nxd4+ $18 (28. Qxd4 Qxe6 29. Qh4+ Kd7 $17)) 26. Rxf8+ Kxf8 {[%emt 0:04:19][%mdl 4096] Endgame. KQB-KQN} (26... Bxf8 $14 27. Ne6 g5) 27. Ne6+ $16 Kg8 28. Nxc7 Qxa2 (28... Qxd4 $16 29. Qxd4 (29. Nxa6 Qd1+ 30. Kh2 Kh7 $16) 29... Bxd4) 29. Qe8+ $18 Kh7 30. Ne6 Qb1+ 31. Kh2 {[%emt 0:00:33] Threatening mate with Qe7.} Qf5 32. Qd7 Qf6 {[%emt 0:00:20] [#]} 33. Nxg7 $2 (33. Qxd6 $6 a5 $16) (33. b4 $1 $18) 33... Qxg7 (33... Qf4+ $11 34. Kg1 Qc1+ 35. Kh2 Qf4+ 36. Kh1 Qc1+ 37. Kh2 Qf4+) 34. Qxd6 {[%emt 0:00:08][%cal Od4d5] KQ-KQ. White is more active.} h5 (34... a5 $16) 35. d5 $2 (35. Qxa6 Qxd4 36. Qb7+ (36. Qxb5 Qf4+ 37. Kg1 Qc1+ 38. Kh2 Qf4+ 39. Kg1 Qc1+ 40. Kh2 Qf4+ $14) 36... Kh6 $14) (35. b4 $1 $18) 35... Qxb2 $14 36. Qe7+ Kg8 $1 (36... Qg7 $2 37. d6 $18 (37. Qxg7+ $2 Kxg7 38. f4 b4 $19)) 37. Qe8+ Kg7 {[%emt 0:00:05][%cal Ob2f6] [#]} 38. Qe7+ (38. d6 $1 $16 Qf6 (38... Qxf2 $2 39. Qe7+ Kh6 40. Qe5 $18) 39. Qd7+ Kh6 40. Qc6) 38... Kg8 $1 $18 39. f4 $2 ({White has to play} 39. d6 $18 Qd4 40. Qd8+ Kf7 41. Qd7+ (41. Qe7+ Kg8 $14) 41... Kf8 42. Qc8+ (42. Qe7+ Kg8 $11) 42... Kf7 43. d7 (43. Qxa6 Qf4+ 44. Kh1 Qc1+ 45. Kh2 Qf4+ 46. Kh1 Qc1+ 47. Kh2 Qf4+ $11) 43... Qe5+ 44. g3) 39... Qd4 $11 {[%emt 0:01:29][%csl LRd5,LRf4] The position is equal.} 40. Qe8+ Kg7 41. Qe7+ Kg8 42. Qe8+ {[%emt 0:00:20] Blacks defense is rewarded with a draw.   Weighted Error Value: White=0.37/Black=0.24 (precise) .  Missed win:     	White=3     	---        Mistake:       	White=4     	Black=6      Inaccurate:     	White=1     	Black=1      OK:         	White=10    	Black=12     Best:        	White=4     	Black=5      Strong:       	White=2     	Black=2} 1/2-1/2

[Event "Romanian Women Championship 2024"]
[Site "Eforie Nord"]
[Date "2024.02.29"]
[Round "7.3"]
[White "Ciolacu, Alessia-Mihaela"]
[Black "Schiopu, Oana-Magdalena"]
[Result "1-0"]
[ECO "E27"]
[WhiteElo "2175"]
[BlackElo "1750"]
[Annotator "RC"]
[PlyCount "81"]
[EventDate "2024.02.24"]
[EventType "swiss"]
[EventCountry "ROU"]
[SourceTitle "playchess.com"]
[Source "ChessBase"]
[SourceQuality "1"]
[TimeControl "40/5400+30:900+30"]

1. d4 Nf6 2. c4 e6 3. Nc3 Bb4 4. a3 Bxc3+ 5. bxc3 b6 6. f3 d5 7. cxd5 exd5 8. e3 O-O 9. Bd3 c5 10. Ne2 Re8 11. O-O Nbd7 12. Ra2 Nf8 13. Ng3 Bb7 14. Re2 cxd4 15. cxd4 Rc8 16. Bb2 Ng6 17. Qd2 Qc7 18. Bb5 Re6 19. Rc1 Qb8 20. Rxc8+ Qxc8 21. Re1 Re7 22. Bd3 Qb8 23. e4 Nf4 24. Bb1 Ne6 25. e5 Ne8 26. f4 Nf8 27. f5 Bc8 28. Bc3 a5 29. Nh5 f6 30. Nf4 Bb7 31. Re3 Qc8 32. Rg3 Rc7 33. Nh5 Kh8 34. exf6 Nxf6 35. Nxf6 gxf6 36. Qh6 Qd8 37. Bd2 Ba6 38. h3 Bc4 39. Qh5 Rg7 40. Rxg7 Kxg7 41. Bh6+ 1-0

[Event "Romanian Women Championship 2024"]
[Site "Eforie Nord"]
[Date "2024.02.29"]
[Round "7.4"]
[White "Batagan, Ilinca-Petra"]
[Black "Peptan, Corina-Isabela"]
[Result "0-1"]
[ECO "B08"]
[WhiteElo "1859"]
[BlackElo "2314"]
[Annotator "TA"]
[PlyCount "146"]
[EventDate "2024.02.24"]
[EventType "swiss"]
[EventCountry "ROU"]
[SourceTitle "playchess.com"]
[Source "ChessBase"]
[SourceQuality "1"]
[TimeControl "40/5400+30:900+30"]

1. e4 d6 2. d4 Nf6 3. Nc3 g6 4. Nf3 Bg7 5. Bc4 c6 6. a4 O-O 7. O-O d5 8. exd5 cxd5 9. Be2 Nc6 10. Ne5 {[%emt 0:06:56] The position is equal.} Qb6 11. Nxc6 bxc6 12. a5 Qc7 13. Bg5 e5 14. dxe5 Qxe5 15. Bh4 (15. Be3 $15) 15... Ne4 $17 16. Bg3 Nxg3 17. hxg3 d4 18. Nb1 Rb8 19. Nd2 Be6 ({Not} 19... Rxb2 20. Nc4 Qb5 21. Nxb2 Qxb2 22. Bd3 $16) 20. Nc4 Qc5 {[%emt 0:00:25] Black is much more active.} 21. Ra4 h5 22. b3 Qe7 23. Bf3 c5 24. Qe2 Rfe8 25. Bc6 Red8 26. Re1 {[%emt 0:00:28] [#]} (26. Nb2 $142) 26... d3 $1 27. cxd3 Rxb3 28. Ra3 (28. Ne5 $17 {was worth a try.}) 28... Rxa3 $19 29. Nxa3 Qc7 30. Be4 Qxa5 31. Nc2 (31. Nc4 $142 Bxc4 32. dxc4) 31... Bg4 {[%emt 0:06:27] This pair of bishops is nice.} 32. f3 Bc8 {[%emt 0:00:06] White is weak on the dark squares} 33. Ne3 Qc7 34. f4 Bb7 ({Black should play} 34... a5 $19 {And now ...Bd4 would win.} 35. Kh2 a4) 35. Bxb7 Qxb7 36. Nc4 Qd7 37. Ne5 Qd5 38. Qe4 Bxe5 39. Qxe5 Qxd3 {[%emt 0:00:45][%mdl 4096] Endgame. KQR-KQR} 40. Kh2 Qd5 ({Black should try} 40... Qd4 $19 {...Qxe5 would now be deadly.} 41. Qc7 h4 42. gxh4 Rd5) 41. Qc7 $17 c4 42. Rc1 {[%emt 0:03:54] [#] This costs White the game.} (42. Re7 $17) 42... Re8 $1 $19 43. Qxc4 Qxc4 44. Rxc4 {[%emt 0:00:09] KR-KR} a5 45. Ra4 Ra8 46. Kg1 (46. f5 $142) 46... Kg7 47. Kf2 Kf6 48. Ke3 Kf5 49. Kd4 $2 (49. Kf3 {keeps fighting.}) 49... Kg4 50. Ra3 a4 {[%emt 0:01:20] aiming for ...f5.} 51. Kc5 (51. f5 $142) 51... f5 52. Kd5 Re8 53. Rxa4 Kxg3 54. Ra6 Kxg2 {[%emt 0:00:29] Black mates.} 55. Rxg6+ Kf3 56. Rg5 Kxf4 57. Rxh5 Kg4 58. Rh7 f4 59. Rg7+ Kh3 60. Rf7 Kg3 61. Kd4 f3 62. Kd3 f2 63. Rg7+ Kh2 64. Rh7+ Kg2 65. Rg7+ Kf1 66. Kd2 Rd8+ 67. Kc2 Rd5 68. Rg8 Ke2 69. Re8+ {[%emt 0:00:07] [#]} Kf3 $1 70. Rf8+ Ke3 71. Kc3 Rc5+ 72. Kb4 Rc1 73. Re8+ Kd2 {[%emt 0:00:00] Weighted Error Value: White=0.51/Black=0.11 (very precise) .  Mistake:       	White=8     	Black=2      Inaccurate:     	White=5     	Black=4      OK:         	White=13    	Black=19     Best:        	White=1     	Black=2      Strong:       	---       	Black=1} 0-1

[Event "Romanian Women Championship 2024"]
[Site "Eforie Nord"]
[Date "2024.02.29"]
[Round "7.5"]
[White "Vorniceanu, Alina"]
[Black "Trifoi, Mihaela-Ioana"]
[Result "0-1"]
[ECO "D02"]
[WhiteElo "1476"]
[BlackElo "2003"]
[Annotator "NA RC"]
[PlyCount "108"]
[EventDate "2024.02.24"]
[EventType "swiss"]
[EventCountry "ROU"]
[SourceTitle "playchess.com"]
[Source "ChessBase"]
[SourceQuality "1"]
[TimeControl "40/5400+30:900+30"]

1. d4 d5 2. Nf3 Nf6 3. Bf4 e6 4. e3 c5 5. Nc3 a6 6. dxc5 Bxc5 7. Bd3 Bd6 8. Bxd6 Qxd6 9. e4 dxe4 10. Bxe4 Nxe4 11. Nxe4 Qb4+ 12. Nfd2 O-O 13. Qc1 b5 14. a3 Qd4 15. c3 Qe5 16. O-O Bb7 17. f4 Qd5 18. Rf2 Nd7 19. Qc2 h6 20. Re1 Rfd8 21. Nf3 Nc5 22. Nxc5 Qxc5 23. Kh1 Bxf3 24. gxf3 Ra7 25. Rg2 g6 26. Rxe6 Qh5 27. Re3 Rad7 28. Qf2 Rd1+ 29. Rg1 Qf5 30. Qh4 Qd5 31. Rxd1 Qxd1+ 32. Qe1 Qxe1+ 33. Rxe1 Rd2 34. f5 gxf5 35. Re5 Rxb2 36. Rxf5 Kg7 37. c4 bxc4 38. Rc5 Rb3 39. a4 c3 40. Rc4 Rb1+ 41. Kg2 Rb2+ 42. Kg3 c2 43. h3 a5 44. Rc6 Ra2 45. Rc4 Kf6 46. Rc5 Ke6 47. f4 Kd6 48. Rc8 Kd5 49. Kg4 Kd4 50. Kh5 Kd3 51. Rd8+ Kc3 52. Rc8+ Kb2 53. Rb8+ Ka1 54. Rc8 Kb1 0-1

[Event "Romanian Women Championship 2024"]
[Site "Eforie Nord"]
[Date "2024.02.29"]
[Round "7.6"]
[White "Iordache, Alexia-Andreea"]
[Black "Chicarosie, Ioana-Bianca"]
[Result "1-0"]
[ECO "B07"]
[WhiteElo "1769"]
[BlackElo "1705"]
[Annotator "NA RC"]
[PlyCount "135"]
[EventDate "2024.02.24"]
[EventType "swiss"]
[EventCountry "ROU"]
[SourceTitle "playchess.com"]
[Source "ChessBase"]
[SourceQuality "1"]
[TimeControl "40/5400+30:900+30"]

1. e4 d6 2. d4 Nf6 3. Nc3 Nbd7 4. f3 e5 5. Nge2 Be7 6. Be3 c6 7. Qd2 O-O 8. g4 b5 9. Ng3 Nb6 10. O-O-O Qc7 11. h4 b4 12. Nb1 a5 13. g5 Ne8 14. h5 exd4 15. Bxd4 c5 16. Be3 Be6 17. Nf5 d5 18. g6 Bxf5 19. exf5 d4 20. Bf4 Bd6 21. Bxd6 Qxd6 22. gxh7+ Kxh7 23. Bd3 Qh6 24. f6+ Kg8 25. fxg7 Qxd2+ 26. Nxd2 Nxg7 27. Nc4 Nxc4 28. Bxc4 Kh7 29. Rde1 Kh6 30. Re7 Rae8 31. Rxf7 Rxf7 32. Bxf7 Rf8 33. Bd5 Nxh5 34. Kd2 Kg5 35. Rg1+ Kf4 36. Rg4+ Ke5 37. Rg5+ Rf5 38. Rxf5+ Kxf5 39. Kd3 Nf4+ 40. Kc4 Ke5 41. Be4 Kd6 42. Kb5 Ne2 43. Kxa5 Nc1 44. Kb5 Nxa2 45. Kc4 Nc1 46. Bd3 Kc6 47. f4 Kd6 48. f5 b3 49. cxb3 Ke5 50. Bc2 Kf6 51. b4 cxb4 52. Kxd4 b3 53. Bb1 Na2 54. Kd5 Nc1 55. Kd4 Na2 56. Bd3 Nc1 57. Ke4 Na2 58. Bc4 Nc1 59. Kf4 Na2 60. Bxb3 Nb4 61. Bc4 Nc6 62. Ke4 Nd8 63. Bd5 Ke7 64. Ke5 Ke8 65. Kd6 Kf8 66. Kd7 Nf7 67. Bxf7 Kxf7 68. b4 1-0

[Event "Romanian Women Championship 2024"]
[Site "Eforie Nord"]
[Date "2024.02.29"]
[Round "7.7"]
[White "Hoanca, Alexia-Ioana"]
[Black "Stanciu, Andreea-Briana"]
[Result "0-1"]
[ECO "B76"]
[WhiteElo "1748"]
[BlackElo "1960"]
[Annotator "NA RC"]
[PlyCount "90"]
[EventDate "2024.02.24"]
[EventType "swiss"]
[EventCountry "ROU"]
[SourceTitle "playchess.com"]
[Source "ChessBase"]
[SourceQuality "1"]
[TimeControl "40/5400+30:900+30"]

1. e4 c5 2. Nf3 d6 3. d4 cxd4 4. Nxd4 Nf6 5. Nc3 g6 6. Be3 Bg7 7. f3 Nc6 8. Qd2 O-O 9. O-O-O Bd7 10. Nxc6 Bxc6 11. Bh6 Qa5 12. h4 b5 13. Kb1 b4 14. Ne2 Rfc8 15. Bxg7 Kxg7 16. Nd4 h5 17. Bd3 Bd7 18. Nb3 Qb6 19. g4 a5 20. gxh5 Nxh5 21. f4 Bg4 22. Rde1 a4 23. Nc1 b3 24. f5 bxa2+ 25. Nxa2 Rab8 26. c3 Nf4 27. Re3 d5 28. Nb4 Nxd3 29. Rxd3 dxe4 30. Re3 Rd8 31. Qf2 gxf5 32. Rg1 Rd6 33. Qf4 Rbd8 34. Ree1 Kh7 35. Qe5 Re6 36. Qf4 Qd6 37. Qf1 Qd2 38. Rg2 Qxe1+ 39. Qxe1 Rd1+ 40. Qxd1 Bxd1 41. Kc1 Bb3 42. Kd2 f4 43. Ke1 f3 44. Rf2 Rd6 45. Rd2 e3 0-1

[Event "Romanian Women Championship 2024"]
[Site "Eforie Nord"]
[Date "2024.02.29"]
[Round "7.8"]
[White "Badica, Ariana"]
[Black "Pirvulescu, Ekaterina"]
[Result "0-1"]
[ECO "B48"]
[WhiteElo "1494"]
[BlackElo "2091"]
[Annotator "NA RC"]
[PlyCount "60"]
[EventDate "2024.02.24"]
[EventType "swiss"]
[EventCountry "ROU"]
[SourceTitle "playchess.com"]
[Source "ChessBase"]
[SourceQuality "1"]
[TimeControl "40/5400+30:900+30"]

1. e4 c5 2. Nf3 e6 3. d4 cxd4 4. Nxd4 Nc6 5. Nc3 Qc7 6. Be3 a6 7. Qf3 Nf6 8. O-O-O Ne5 9. Qg3 b5 10. Be2 b4 11. Na4 Nxe4 12. Qh4 Bb7 13. f3 Be7 $19 14. Qe1 Nf6 15. f4 Nc6 16. Nxc6 Bxc6 17. Nb6 Rb8 18. Nc4 O-O 19. Rf1 Rfc8 20. Bd3 Bb5 21. Bb6 Qc6 22. Ne3 Qxb6 23. f5 Qc5 24. fxe6 dxe6 25. Kb1 Bxd3 26. Rxd3 Rd8 27. Rxd8+ Rxd8 28. g4 Nd5 29. Nxd5 Qxd5 30. b3 Bf6 0-1